 Dungeon Crawl Stone Soup version 0.30.0-3-ga4e48a9924 (webtiles) character file.

Game seed: 9139723699129511170

352 RascalDebosk the Trooper (level 6, -5/48 HPs)
             Began as a Djinni Fire Elementalist on May 7, 2023.
             Slain by an iguana (12 damage)
             ... on level 4 of the Dungeon.
             The game lasted 00:12:52 (2343 turns).

RascalDebosk the Trooper (Djinni Fire Elementalist) Turns: 2343, Time: 00:12:52

Health: -5/48      AC:  2    Str:  7    XL:     6   Next: 94%
Gold:   54         EV: 12    Int: 19    God:
                   SH:  0    Dex: 13

rFire   + + .        s - +1 dagger (venom)
rCold   x . .        d - orb {light}
rNeg    . . .        a - +0 robe
rPois   ∞            (no helmet)
rElec   .            (no cloak)
rCorr   .            (no gloves)
SInv    .            (boots unavailable)
Will    +....        (no amulet)
Stlth   +            c - ring of willpower
HPRegen 0.28/turn    (no ring)
MPRegen 0.00/turn

%: infuse magic (-6 HP)
@: flying, very slightly contaminated, glowing
A: sickness immunity, fire resistance 2, cold vulnerability 1, float, innate
caster, HP casting, extra vitality 1
a: no special abilities


You were on level 4 of the Dungeon.
You visited 1 branch of the dungeon, and saw 4 of its levels.

You collected 54 gold pieces.

Inventory:

Hand Weapons
 s - a +1 dagger of venom (weapon)
Missiles
 g - 2 throwing nets {@!f}
Armour
 a - a +0 robe (worn)
 d - an orb of light (worn)
Jewellery
 c - a ring of willpower (left hand)
Wands
 l - a wand of digging (6)
Scrolls
 e - 4 scrolls of identify {unknown}
 f - a scroll of enchant weapon {unknown}
 h - a scroll of immolation {unknown}
 m - 2 scrolls of fog {unknown}
 o - a scroll of summoning {unknown}
 q - 3 scrolls of vulnerability {unknown}
Potions
 b - 5 potions of heal wounds {unknown}
 i - a potion of degeneration {unknown}
 j - 2 potions of ambrosia {unknown}
 k - 2 potions of attraction {unknown}
 n - a potion of brilliance {unknown}
 p - a potion of curing {unknown}
 r - a potion of haste {unknown}


   Skills:
 * Level 4.4 Fighting
 - Level 2.1 Dodging
 - Level 1.5 Stealth
 * Level 4.2 Spellcasting


You knew the following spells:

 Your Spells              Type           Power      Damage    Failure   Level
a - Foxfire               Conj/Fire      80%        2x1d8     2%          1
b - Scorch                Fire           40%        2d7       3%          2
c - Volatile Blastmotes   Fire/Tloc      40%        2d13      7%          3
d - Inner Flame           Hex/Fire       20%        N/A       7%          3
e - Flame Wave            Conj/Fire      20%        2d7       22%         4
f - Sting                 Tmut/Pois      80%        1d7       2%          1
g - Lesser Beckoning      Tloc           40%        N/A       3%          2
Your spell library was empty.

Dungeon Overview and Level Annotations

Branches:
Dungeon (4/15)
 Temple: D:4-7

Altars:

Shops:
D:2 *


Innate Abilities, Weirdness & Mutations

You are immune to sickness and miasma.
You are immune to poison.
Your flesh is very heat resistant. (rF++)
You are vulnerable to cold. (rC-)
You float through the air rather than walking.
You learn spells naturally, not from books.
Your magical power is your life essence.
You have superior vitality. (+4 MHP)


Message History

Your foxfire dissipates!
Your foxfire dissipates!
Things that are here:
a +0 whip; 4 poisoned darts
e - 4 scrolls labelled ORUCAO SANI (gained 1)
r - a pink potion You see here a +0 spear.
Items here: ) [[ ÷.
Done exploring.
There is a stone staircase leading down here.
You fly downwards.
The ball python hisses angrily.
The gnoll shouts! x4; You hear an angry hiss. x2
Found 3 stones.
There is a stone staircase leading up here.
Casting: Foxfire (safe; 2% risk of failure)
Confirm with . or Enter, or press ? or * to list all spells.
The spell is quite dangerous to miscast (24% risk of failure)!
Continue anyway? [Y]es or [N]o only, please.
The spell is quite dangerous to miscast (24% risk of failure)!
Continue anyway?
Casting: Flame Wave (quite dangerous; 24% risk of failure)
Press: ? - help, Dir - look around, f - activate A wave of flame ripples out!
The flame wave engulfs the gnoll!
The gnoll is severely wounded.
The flame wave engulfs the gnoll!
You kill the gnoll!
The flame wave engulfs the gnoll!
The gnoll is severely wounded. (Press . to intensify the flame waves.)
The gnoll misses you. The gnoll hits you with a +0 club.
The gnoll barely misses you.
A wave of flame ripples out!
The flame wave engulfs the gnoll.
You kill the gnoll!
The flame wave engulfs the gnoll.
You kill the gnoll!
The flame wave engulfs the gnoll!
The gnoll is severely wounded.
The gnoll hits you from afar with a +0 spear.
A wave of flame ripples out!
The flame wave engulfs the ball python!
You kill the ball python!
The flame wave engulfs the gnoll!
You kill the gnoll!
You finish channelling waves of flame.
You hear an angry hiss.
You hear a shout! x2
Found 6 gold pieces.
g - 2 throwing nets {@!f} (gained 1)
Things that are here:
a +0 club; a gnoll corpse An adder comes into view.
Things that are here:
a +0 whip; a gnoll corpse You hit the adder.
The adder is moderately wounded.
The adder misses you. The adder barely misses you.
An iguana comes into view.
You closely miss the adder.
The adder is moderately wounded.
The adder closely misses you.
You hit the adder.
The adder is poisoned.
The adder is heavily wounded.
The adder bites you.
You hit the adder but do no damage.
The adder looks as sick as possible!
The adder is heavily wounded.
The adder bites you. The adder misses you.
Casting: Flame Wave (quite dangerous; 24% risk of failure)
Confirm with . or Enter, or press ? or * to list all spells.
The spell is quite dangerous to miscast (24% risk of failure)!
Continue anyway?
Casting: Flame Wave (quite dangerous; 24% risk of failure)
Press: ? - help, Dir - look around, f - activate You miscast Flame Wave.
You are very lightly contaminated with residual magic.
Nothing appears to happen.
The adder bites you. The iguana closely misses you.
Casting: Flame Wave (quite dangerous; 24% risk of failure)
Confirm with . or Enter, or press ? or * to list all spells.
The spell is quite dangerous to miscast (24% risk of failure)!
Continue anyway?
Casting: Flame Wave (quite dangerous; 24% risk of failure)
Press: ? - help, Dir - look around, f - activate A wave of flame ripples out!
The flame wave engulfs the adder!
You kill the adder!
The flame wave engulfs the iguana.
The iguana is moderately wounded. (Press . to intensify the flame waves.)
* * * LOW HITPOINT WARNING * * *
You hear a bark!
The iguana bites you!
* * * LOW HITPOINT WARNING * * *
Casting: Flame Wave (quite dangerous; 22% risk of failure)
Confirm with . or Enter, or press ? or * to list all spells.
Flames lash the iguana.
The iguana is heavily wounded.
The iguana's fire resistance burns away.
* * * LOW HITPOINT WARNING * * *
The iguana bites you.
* * * LOW HITPOINT WARNING * * *
Casting: Scorch (safe; 3% risk of failure)
Confirm with . or Enter, or press ? or * to list all spells.
Flames lash the iguana.
The iguana is burned terribly!
The iguana is severely wounded.
* * * LOW HITPOINT WARNING * * *
The iguana bites you!
You die...

.#. ...
### ...
...#
#.###...
##.....#..
......(#.
#...#....
##<...#.#
#)@))...#
#.#l#...#
#.#...#.#
..#...# ..
.###.##.$
# ## ..
##. .. #
..


You could see an iguana (combustible).

Vanquished Creatures
  Sigmund (D:2)
  Jessica (D:2)
  Robin (D:3)
  8 gnolls
  2 adders
  A worm (D:2)
  An orc (D:2)
  4 bats
  4 endoplasms
  A giant cockroach (D:3)
  13 goblins
  6 hobgoblins
  2 quokkas
  8 ball pythons
  2 frilled lizards
  2 kobolds
  6 rats
63 creatures vanquished.

Vanquished Creatures (others)
  131 foxfires
131 creatures vanquished.

Grand Total: 194 creatures vanquished

Notes
Turn   | Place    | Note
-------+----------+-------------------------------------------
     0 | D:1      | RascalDebosk the Djinni Fire Elementalist began the quest
                  | for the Orb.
     0 | D:1      | RascalDebosk set off with the following spells memorised:
                  | Foxfire, Scorch, Volatile Blastmotes, Inner Flame, Flame
                  | Wave.
     0 | D:1      | Reached XP level 1. HP: 15/15 MP: 0/0
   354 | D:1      | Reached skill level 1 in Fighting
   354 | D:1      | Reached XP level 2. HP: 21/22 MP: 0/0
   921 | D:2      | Reached XP level 3. HP: 24/27 MP: 0/0
   921 | D:2      | Learned a level 1 spell: Sting
   931 | D:2      | Reached XP level 4. HP: 20/33 MP: 0/0
  1285 | D:2      | Noticed Sigmund
  1288 | D:2      | Killed Sigmund
  1289 | D:2      | Reached XP level 5. HP: 30/41 MP: 0/0
  1289 | D:2      | Learned a level 2 spell: Lesser Beckoning
  1289 | D:2      | Reached XP level 6. HP: 34/47 MP: 0/0
  1363 | D:2      | Found Icoah's Assorted Antiques.
  1448 | D:2      | Noticed Jessica
  1452 | D:2      | Killed Jessica
  1734 | D:3      | Noticed Robin
  1889 | D:3      | Killed Robin
  2343 | D:4      | Slain by an iguana

Illustrated notes

Levels and vault maps discovered:
D:1:      dpeg_arrival_rooms_a, layout_basic, st_stairs_2,
          kennysheep_nondescript, due_unseen_surprise
D:2:      layout_loops_ring, serial_shops, shop, uniq_sigmund, uniq_jessica
D:3:      layout_rooms, uniq_robin
D:4:      layout_basic, lemuel_round_altar,
          nicolae_hepliaklqana_monster_ancestors, temple_hall,
          minmay_close_crescents, uniq_natasha, uniq_pikel

Skill      XL: |  1  2  3  4  5  6 |
---------------+-------------------+-----
Fighting       | 1 2 3 4 |  4.4
Spellcasting   | 3 4 |  4.2
Dodging        | |  2.1
Stealth        | |  1.5

Action                     |  1- 3 |  4- 6 || total
---------------------------+-------+-------++-------
  Melee: Dagger            |       |     9 ||     9
   Cast: Foxfire           |    37 |    42 ||    79
         Scorch            |     5 |    13 ||    18
         Flame Wave        |       |     4 ||     4
 Armour: Robe              |     2 |     7 ||     9
  Dodge: Dodged            |     1 |    20 ||    21
